 Dungeon Crawl Stone Soup version 0.29-a0-653-gd47aff6735 (webtiles) character file.

Game seed: 7195259827587132644

1 ribov the Caller (level 1, -3/13 HPs)
             Began as a Merfolk Summoner on June 21, 2022.
             Frozen to death by an endoplasm (5 damage)
             ... on level 1 of the Dungeon.
             The game lasted 00:02:58 (144 turns).

ribov the Caller (Merfolk Summoner)                  Turns: 144, Time: 00:02:59

Health: -3/13      AC:  2    Str:  8    XL:     1   Next: 20%
Magic:  3/3        EV: 12    Int: 14    God:
Gold:   39         SH:  0    Dex: 14    Spells: 3/4 levels left

rFire   . . .      SeeInvis .   (no weapon)
rCold   . . .      Faith    .   (no shield)
rNeg    . . .      Spirit   .   a - +0 robe
rPois   .          Reflect  .   (no helmet)
rElec   .          Harm     .   (no cloak)
rCorr   .          Rampage  .   (no gloves)
Will    .....                   (no boots)
Stlth   ++........              (no amulet)
HPRegen 0.04/turn               (no ring)
MPRegen 0.08/turn               (no ring)

@: no status effects
A: (nimble swimmer 2), mertail
a: no special abilities


You were on level 1 of the Dungeon.
You visited 1 branch of the dungeon, and saw 1 of its levels.

You collected 39 gold pieces.

Inventory:

Missiles
 e - 5 poisoned darts
Armour
 a - a +0 robe (worn)
Scrolls
 c - a scroll of teleportation {unknown}
 d - a scroll of summoning {unknown}
Potions
 b - a potion of magic


   Skills:
 + Level 2.6 Dodging
 + Level 2.1 Stealth
 + Level 2.0 Spellcasting
 + Level 4.0 Summonings


You had 3 spell levels left.
You knew the following spells:

 Your Spells              Type           Power      Damage    Failure   Level
a - Summon Small Mammal   Summ           48%        N/A       4%          1

Your spell library contained the following spells:

 Spells                   Type           Power      Damage    Failure   Level
 Call Imp                 Summ           12%        N/A       7%          2
 Call Canine Familiar     Summ           12%        N/A       14%         3
 Sandblast                Erth           2%         2d4       24%         1
 Summon Guardian Golem    Hex/Summ       7%         N/A       30%         3
 Passwall                 Tmut/Erth      0%         N/A       34%         2
 Stone Arrow              Conj/Erth      2%         3d7       56%         3
 Summon Lightning Spire   Summ/Air       7%         N/A       71%         4


Dungeon Overview and Level Annotations

Branches:
Dungeon (1/15)

Altars:


Innate Abilities, Weirdness & Mutations

((You are very nimble when in or above water. (Stealth+, EV+, Speed+++)))
Your lower body shifts to a powerful aquatic tail in water.


Message History

You kill the ball python!
Found 9 gold pieces.
You now have 39 gold pieces (gained 9).
A bat comes into view.
Found 5 poisoned darts.
The bat closely misses you. The bat barely misses you.
The bat closely misses you.
You closely miss the bat. The bat closely misses you. x2
You barely miss the bat. The bat barely misses you. The bat hits you. x2
You closely miss the bat. The bat barely misses you.
The bat closely misses you.
You hit the bat.
The bat is severely wounded.
The bat closely misses you. The bat misses you.
You hit the bat.
You kill the bat!
You see here 5 poisoned darts.
e - 5 poisoned darts An endoplasm comes into view.
The endoplasm quivers.
The endoplasm jiggles.
You barely miss the endoplasm.
The endoplasm hits you but does no damage.
You hit the endoplasm but do no damage.
The endoplasm hits you but does no damage.
You hit the endoplasm but do no damage. The endoplasm hits you.
You barely miss the endoplasm. The endoplasm completely misses you.
You hit the endoplasm but do no damage. The endoplasm hits you.
You hit the endoplasm but do no damage. The endoplasm freezes you.
You are frozen.
You hit the endoplasm but do no damage. The endoplasm freezes you.
You are frozen.
* * * LOW HITPOINT WARNING * * *
The endoplasm attacks as you move away! The endoplasm completely misses you.
The endoplasm jiggles.
The endoplasm freezes you.
You are frozen.
You die...

#........#
#..........
#......#.#
#..........
#......#.#
##.####....
######.#.#
.......##.# #.#.#
......#. #.#
#####.#.# ..... #.
#..
#.##.....#.######.
#. ###
#.......J........
#. #
####.....@.######
#.# # #####...#
.... # ........
.... ####....#
#.##.# .......
#..... ...#####
####.# #### #.....
#.##.# #.#


You could see an endoplasm.

Vanquished Creatures
  A ball python (D:1)
  A bat (D:1)
2 creatures vanquished.

Notes
Turn   | Place    | Note
-------+----------+-------------------------------------------
     0 | D:1      | ribov the Merfolk Summoner began the quest for the Orb.
     0 | D:1      | Reached XP level 1. HP: 13/13 MP: 3/3
   144 | D:1      | Frozen to death by an endoplasm

Illustrated notes

Levels and vault maps discovered:
D:1:      moated_graveyard_arrival, layout_basic,
          ebering_ecumenical_altar_abandoned, minmay_heptomino_h4

Action                   || total
-------------------------++-------
Melee: Unarmed           ||    17
Armor: Robe              ||     5
Dodge: Dodged            ||    15

Table legend: (Time is in decaauts)
 A = Elapsed time spent in this place.
 B = Non-inter-level travel time spent in this place.
 C = Inter-level travel time spent in this place.
 D = Time resting spent in this place.
 E = Time spent auto-exploring this place.
 F = Levels seen in this place.
 G = Mean time per level.
                   A        B        C        D        E       F      G
               +--------+--------+--------+--------+--------+-----+--------+
         Total |    144 |    144 |      0 |      0 |      0 |   1 |  144.0 |
       Dungeon |    144 |    144 |      0 |      0 |      0 |   1 |  144.0 |
               +--------+--------+--------+--------+--------+-----+--------+

Top non-repeatable levels by time:
     D:1: 144 daAuts
